 Dungeon Crawl Stone Soup version 0.27.1-34-g3ba077fa99 (webtiles) character file.

Game seed: 17964676707328431211

276670 Garmo the Warrior (level 19, -28/159 HPs)
             Began as a Demonspawn Gladiator on Jan 6, 2022.
             Was the Champion of Makhleb.
             Killed from afar by an ironbound thunderhulk (36 damage)
             ... with a bolt of lightning
             ... on level 2 of the Vaults on Jan 8, 2022.
             The game lasted 03:27:35 (50178 turns).

Garmo the Warrior (Demonspawn Gladiator)           Turns: 50178, Time: 03:27:36

Health: -28/159    AC: 24    Str: 29    XL:     19   Next: 58%
Magic:  0/30       EV: 12    Int: 17    God:    Makhleb [******]
Gold:   2307       SH: 20    Dex: 12    Spells: 18/18 levels left

rFire    + . .     SeeInvis .   a - +1 demon blade (elec)
rCold    + + .     Faith    .   h - +0 kite shield
rNeg     . . .     Spirit   +   M - +2 plate armour {rF+}
rPois    .         Reflect  +   J - +2 helmet of Cataul {+Blink Int+7 Dex-3 Stlth+}
rElec    .         Harm     .   I - +0 cloak {rCorr}
rCorr    +         Rampage  .   s - +0 pair of gloves of Mososokk {Will++ Regen+ Str+7}
Will     ++++.                  (boots unavailable)
Stlth    ..........             H - amulet of reflection
HPRegen  4.36/turn              V - +4 ring of slaying
MPRegen  0.44/turn              B - ring of Myig {rC++ Will+}

@: studying Fire Magic
A: hooves 3, icy blue scales 2, powered by death 3, magic shield, magic
regeneration, magic link
}: 2/15 runes: decaying, serpentine
a: Renounce Religion, Evoke Blink, Minor Destruction, Lesser Servant of Makhleb,
Major Destruction, Greater Servant of Makhleb


You were on level 2 of the Vaults.
You worshipped Makhleb.
Makhleb was exalted by your worship.
You visited 7 branches of the dungeon, and saw 34 of its levels.
You also visited: Bailey, Gauntlet, Ice Cave and Volcano.

You collected 4981 gold pieces.
You spent 2674 gold pieces at shops.

Inventory:

Hand Weapons
 a - a +1 demon blade of electrocution (weapon)
   (You acquired it on level 1 of the Swamp)
 b - a +4 scimitar of flaming
   (You took it off an efreet on level 14 of the Dungeon)
 w - the +10 trident "Favunip" {flame, Fly rElec}
   (You found it on level 6 of the Lair of Beasts)

   It burns those it strikes, dealing additional fire damage.
   rElec:     It insulates you from electricity.
   Fly:       It grants you flight.
 Z - a +1 hand crossbow of flaming
   (You found it on level 1 of the Snake Pit)
Missiles
 m - 8 curare-tipped darts (quivered) {!f}
 p - 640 bolts
 N - 3 throwing nets {!f}
Armour
 h - a +0 kite shield (worn)
   (You found it on level 1 of the Dungeon)
 s - the +0 pair of gloves of Mososokk (worn) {Will++ Regen+ Str+7}
   (You bought it in a shop on level 3 of the Snake Pit)

   Str:       It affects your strength (+7).
   Regen:     It increases your rate of health regeneration.
   Will:      It greatly increases your willpower.
 y - a +2 plate armour of poison resistance
   (You took it off an orc warrior on level 10 of the Dungeon)
 I - a +0 cloak of preservation (worn)
   (You found it in a Gauntlet)
 J - the +2 helmet of Cataul (worn) {+Blink Int+7 Dex-3 Stlth+}
   (You found it on level 8 of the Dungeon)

   Int:       It affects your intelligence (+7).
   Dex:       It affects your dexterity (-3).
   +Blink:    It lets you blink.
   Stlth:     It makes you more stealthy.
 M - a +2 plate armour of fire resistance (worn)
   (You found it in a volcano)
Jewellery
 e - an amulet of regeneration
   (You found it on level 5 of the Lair of Beasts)
 B - the ring of Myig (right hand) {rC++ Will+}
   (You bought it in a shop on level 2 of the Orcish Mines)

   [ring of willpower]

   rC:        It greatly protects you from cold.
   Will:      It increases your willpower.
 H - an amulet of reflection (around neck)
   (You found it on level 1 of the Snake Pit)
 Q - the ring of Efreuh {Fire Dex+3 SInv}
   (You found it in a Gauntlet)

   [ring of fire]

   It enhances your fire magic.
   Dex:       It affects your dexterity (+3).
   rF:        It protects you from fire.
   rC:        It makes you vulnerable to cold.
   SInv:      It lets you see invisible.
 V - a +4 ring of slaying (left hand)
   (You found it on level 6 of the Lair of Beasts)
Wands
 d - a wand of iceblast (47)
   (You found it on level 7 of the Dungeon)
 t - a wand of flame (86)
   (You took it off a gnoll on level 3 of the Dungeon)
 u - a wand of paralysis (27)
   (You took it off a gnoll on level 13 of the Dungeon)
 x - a wand of acid (6)
   (You took it off Joseph on level 1 of the Lair of Beasts)
 U - a wand of mindburst (46)
   (You found it on level 5 of the Lair of Beasts)
 Y - a wand of charming (15)
   (You found it on level 1 of the Swamp)
Scrolls
 c - 4 scrolls of fear
 l - a scroll of summoning
 o - 2 scrolls of magic mapping
 r - 3 scrolls of silence
 C - 5 scrolls of immolation {!r}
 F - 2 scrolls of teleportation {@r4}
 G - 3 scrolls of blinking
 L - a scroll of enchant weapon
 O - 7 scrolls of fog
 T - 5 scrolls of enchant armour
Potions
 g - 2 potions of ambrosia
 i - 2 potions of curing {@q1}
 j - 4 potions of might
 k - 8 potions of attraction {!q}
 n - 6 potions of flight
 q - 2 potions of haste {@q3}
 z - 2 potions of invisibility
 D - 2 potions of berserk rage
 E - 6 potions of brilliance
 P - 3 potions of lignification {!q}
 R - a potion of magic
 S - 2 potions of resistance
 W - 3 potions of heal wounds {@q2}
 X - 5 potions of cancellation
Miscellaneous
 f - a piece from Xom's chessboard (15/15)
   (You found it in a bailey)
 v - a lightning rod (4/4) {!a}
   (You found it on level 1 of the Lair of Beasts)
 A - a condenser vane
   (You found it in an ice cave)
 K - a tin of tremorstones (2/2)
   (You found it on level 9 of the Dungeon)


   Skills:
 + Level 16.8 Fighting
 - Level 14.0 Long Blades
 - Level 10.0 Crossbows
 - Level 1.7 Throwing
 - Level 7.0 Armour
 - Level 13.0 Dodging
 - Level 15.0 Shields
 - Level 15.0 Invocations
 - Level 7.0 Evocations


You had 18 spell levels left.
You didn't know any spells.
Your spell library contained the following spells:

 Spells                   Type           Power      Damage    Failure   Level
 Animate Skeleton         Necr           0%         N/A       91%         1
 Apportation              Tloc           0%         N/A       91%         1
 Corona                   Hex            0%         N/A       91%         1
 Foxfire                  Conj/Fire      0%         2x1d4     91%         1
 Magic Dart               Conj           0%         1d3       91%         1
 Sting                    Tmut/Pois      0%         1d3       91%         1
 Summon Small Mammal      Summ           0%         N/A       91%         1
 Blink                    Tloc           N/A        N/A       97%         2
 Call Imp                 Summ           0%         N/A       97%         2
 Corpse Rot               Necr/Air       N/A        N/A       97%         2
 Ensorcelled Hibernation  Hex/Ice        0%         N/A       97%         2
 Poisonous Vapours        Pois/Air       0%         N/A       97%         2
 Slow                     Hex            0%         N/A       97%         2
 Static Discharge         Conj/Air       0%         N/A       97%         2
 Sublimation of Blood     Necr           0%         N/A       97%         2
 Wereblood                Tmut           0%         N/A       97%         2
 Call Canine Familiar     Summ           0%         N/A       99%         3
 Confusing Touch          Hex            0%         N/A       99%         3
 Conjure Flame            Conj/Fire      0%         6-21      99%         3
 Gell's Gravitas          Tloc           0%         N/A       99%         3
 Ignite Poison            Fire/Tmut/Pois 0%         N/A       99%         3
 Inner Flame              Hex/Fire       0%         N/A       99%         3
 Lesser Beckoning         Tloc           0%         N/A       99%         3
 Mephitic Cloud           Conj/Pois/Air  0%         N/A       99%         3
 Ozocubu's Armour         Ice            0%         N/A       99%         3
 Spider Form              Tmut/Pois      0%         N/A       99%         3
 Summon Guardian Golem    Hex/Summ       0%         N/A       99%         3
 Teleport Other           Tloc           0%         N/A       99%         3
 Vampiric Draining        Necr           0%         2d6       99%         3
 Animate Dead             Necr           0%         N/A       100%        4
 Cause Fear               Hex            0%         N/A       100%        4
 Olgreb's Toxic Radiance  Pois           0%         N/A       100%        4
 Petrify                  Tmut/Erth      0%         N/A       100%        4
 Sticky Flame             Conj/Fire      0%         2d3       100%        4
 Summon Ice Beast         Ice/Summ       0%         N/A       100%        4
 Summon Lightning Spire   Summ/Air       0%         N/A       100%        4
 Fireball                 Conj/Fire      0%         3d3       100%        5
 Freezing Cloud           Conj/Ice/Air   0%         6-21      100%        5
 Iskenderun's Battlesphe  Conj           0%         2d6       100%        5
 Manifold Assault         Tloc           0%         N/A       100%        5
 Metabolic Englaciation   Hex/Ice        0%         N/A       100%        5
 Summon Mana Viper        Hex/Summ       0%         N/A       100%        5
 Yara's Violent Unravell  Hex/Tmut       0%         3d3       100%        5
 Conjure Ball Lightning   Conj/Air       0%         3x3d6     100%        6
 Shadow Creatures         Summ           N/A        N/A       100%        6
 Simulacrum               Ice/Necr       0%         N/A       100%        6
 Statue Form              Tmut/Erth      0%         N/A       100%        6
 Dragon Form              Tmut           0%         N/A       100%        7
 Monstrous Menagerie      Summ           0%         N/A       100%        7
 Orb of Destruction       Conj           0%         N/A       100%        7
 Ozocubu's Refrigeration  Ice            0%         4d5       100%        7
 Storm Form               Tmut/Air       0%         N/A       100%        7
 Summon Hydra             Summ           0%         N/A       100%        7
 Maxwell's Capacitive Co  Air            0%         ∞         100%        8
 Dragon's Call            Summ           0%         N/A       100%        9
 Polar Vortex             Ice            0%         N/A       100%        9


Dungeon Overview and Level Annotations

Branches:
Dungeon (15/15)            Temple (1/1) D:5            Lair (6/6) D:10
  Swamp (4/4) Lair:4        Snake (4/4) Lair:3        Slime (0/5) Lair:5
    Orc (2/2) D:10            Elf (0/3) Orc:2        Vaults (2/5) D:14
 Depths (0/5) D:15         Bailey (visited)           IceCv (visited)
Volcano (visited)         Gauntlet (visited)
  Crypt: Vaults:2-3

Altars:
Ashenzari
Cheibriados
Dithmenos
Elyvilon
Fedhas
Gozag
Hepliaklqana
Kikubaaqudgha
Makhleb
Nemelex Xobeh
Okawaru
Qazlal
Ru
Sif Muna
Trog
Uskayaw
Vehumet
Wu Jian
Xom
Yredelemnul
Zin
The Shining One
Beogh
Jiyva

Shops:
D:2 *   Orc:2 ***=   Snake:3 *

Annotations:
Swamp:1 2 runed translucent doors, McKennaii's ghost, adept DgCj
Swamp:4 3 runed translucent doors, dvd2's ghost, adept DECj
Snake:1 3 runed translucent doors, Stajl's ghost, adept TrFi


Innate Abilities, Weirdness & Mutations

You have hooves in place of feet.
You are mostly covered in icy blue scales. (AC +3)
You regenerate a lot of health from kills.
When hurt, damage is shared between your health and your magic reserves.
You regenerate magic rapidly.
When low on magic, you restore magic in place of health.


Message History

Lightning courses through the dire elephant!!
Your kick misses the dire elephant. Something hits you but does no damage.
You hit the dire elephant but do no damage.
You kick the dire elephant. The red ugly thing barely misses you.
Electricity crackles from the ironbound thunderhulk's apparatus.
The bolt of lightning hits you!! The dire elephant closely misses you.
You riposte.
You slash the dire elephant!
You kill the dire elephant!
Makhleb accepts your kill.
You feel better.
You slash the dire elephant! You kick the dire elephant! Something hits you.
You block the brown ugly thing's attack.
The red ugly thing completely misses you.
Electricity crackles from the ironbound thunderhulk's apparatus.
The bolt of lightning hits you!!!
* * * LOW HITPOINT WARNING * * *
A demon appears!
You block the dire elephant's attack. x2
The brown ugly thing tail-slaps you but does no damage.
Your green death barely misses the brown ugly thing.
You are too injured to fight recklessly!
You are too injured to fight recklessly!
You slash the brown ugly thing! You kick the brown ugly thing!
The dire elephant tramples you!!
* * * LOW HITPOINT WARNING * * *
You stumble backwards!
You slice the dire elephant!! Your kick misses the dire elephant.
Your green death gestures at the brown ugly thing.
The poison arrow hits the brown ugly thing!
The brown ugly thing looks as sick as possible!
Electricity crackles from the ironbound thunderhulk's apparatus.
The bolt of lightning hits you!!!
* * * LOW HITPOINT WARNING * * *
The brown ugly thing tail-slaps your green death.
Your green death is splashed with acid.
The acid corrodes your green death!
Your green death hits the brown ugly thing!!
The dire elephant tramples you but does no damage.
You block the dire elephant's attack.
The brown ugly thing tail-slaps your green death.
Your green death is splashed with acid.
Your green death seems to be corroded for longer.
Your green death gestures at the brown ugly thing.
The bolt of poison hits the brown ugly thing!
The brown ugly thing dies!
Makhleb accepts your kill.
The bolt of poison hits the dire elephant!!
Electricity crackles from the ironbound thunderhulk's apparatus.
The bolt of lightning hits you!!!
You die...

.....#......# #....#
...†)'......# #....#
....)#......# #....#
.....#......# #....#
.....#......# #....#
.....###+########.(..#
.....(...............# ##..
.....................#
#..$.
................@....#
#.....
.....................#
....$
#################.Y..##...#
#.†..#....# #.2..#)..#
#....'u<.# #....#...#
#..O.'....# #....##...#


You could see a dire elephant, an ironbound thunderhulk, a red ugly thing and a
friendly green death (summoned, corroded).

Vanquished Creatures
  Vashnia (Snake:4)
  Nikola (Snake:4)
  Jorgrun (Orc:1)
  A tentacled monstrosity (Swamp:4)
  Asterion (Snake:2)
  2 sphinxes
  A fire giant (D:15)
  A nagaraja (Snake:4)
  Aizul (Snake:4)
  4 vault wardens (Vaults:1)
  An iron dragon (Vaults:1)
  4 ironbound preservers (Vaults:1)
  3 very ugly things (Swamp:4)
  6 bunyips
  2 dire elephants
  2 green deaths (Swamp:4)
  Snorg (D:13)
  3 eleionomae
  A fire dragon (Volcano)
  2 shambling mangroves
  5 vault guards (Vaults:1)
  4 salamander tyrants (Snake:4)
  3 ironbound thunderhulks
  12 naga warriors
  2 yaktaur captains (Vaults:1)
  20 hydras
  3 ironbound frosthearts (Vaults:1)
  2 boulder beetles
  14 anacondas
  2 catoblepae
  3 ogre magi
  11 two-headed ogres
  6 centaur warriors
  Erica (Orc:1)
  A death knight (D:14)
  The ghost of Cykl0x the Carver, a journeyman GrGl of the Shining One (D:11)
  5 tengu warriors
  4 death yaks (Lair:6)
  A deep troll shaman (Lair:6)
  Urug (Lair:2)
  12 naga sharpshooters
  12 shock serpents
  4 ironbound beastmasters
  2 thrashing horrors
  Sonja (Lair:4)
  Nergalle (Lair:1)
  5 salamander mystics
  A sixfirhy (Gauntlet)
  5 goliath frogs
  4 spriggan druids
  3 sea snakes
  6 skeletal warriors
  7 bog bodies
  7 swamp dragons
  15 deep trolls
  7 naga ritualists
  3 orc knights
  5 ironbound convokers
  3 wizards (Vaults:1)
  12 lindwurms
  8 harpies
  21 mana vipers
  14 ugly things
  13 salamanders
  A wolf spider (D:15)
  2 manticores
  18 elephants
  3 will-o-the-wisps
  9 cyclopes
  6 guardian serpents
  54 black mambas
  Joseph (Lair:1)
  9 naga magi
  3 vault sentinels
  2 ice statues (IceCv)
  A molten gargoyle (Volcano)
  2 orange demons (Swamp:4)
  An unseen horror (shapeshifter) (D:15)
  A freezing wraith (D:13)
  An entropy weaver simulacrum (IceCv)
  An unseen horror (D:12)
  16 cane toads
  24 yaktaurs
  2 ice devils (D:13)
  3 rime drakes
  8 komodo dragons
  3 tengu conjurers
  2 efreet (D:14)
  8 tyrant leeches
  The ghost of MisterT the Cleaver, an amateur HOMo (D:3)
  4 polar bears
  12 trolls
  A harpy skeleton (D:14)
  4 hornets
  A wind drake (shapeshifter) (D:15)
  29 slime creatures
  2 spectral meliai (D:11)
  12 blink frogs
  A meliai zombie (D:10)
  3 spriggans
  7 wraiths
  A human (shapeshifter) (D:14)
  5 shadows
  50 yaks
  2 fire bats (Volcano)
  5 wyverns
  4 basilisks
  7 vampire mosquitoes (Swamp:1)
  A death yak simulacrum (IceCv)
  2 wargs
  20 swamp worms
  Menkaure (D:4)
  21 nagas
  3 steam dragons
  2 acid dragons
  3 hell hounds
  36 water moccasins
  24 orc warriors
  4 swamp drakes
  2 ice beasts
  2 black bears
  21 ogres
  15 wolves
  A necrophage (D:3)
  12 centaurs
  A phantom (D:6)
  2 kobold brigands
  A scorpion (D:4)
  19 bullfrogs
  3 gnoll sergeants
  4 small abominations (Gauntlet)
  44 killer bees
  An elephant simulacrum (IceCv)
  5 wights
  2 howler monkeys (D:8)
  2 electric eels
  3 centaur zombies
  A bullfrog zombie (D:5)
  5 lava snakes (Volcano)
  3 hounds
  10 orc priests
  2 gnoll shamans
  2 iguanas
  5 centaur skeletons
  20 orc wizards
  Terence (D:2)
  A wolf simulacrum (IceCv)
  A killer bee zombie (D:8)
  A hound zombie (D:4)
  A hound skeleton (D:4)
  A howler monkey zombie (D:6)
  25 gnolls
  6 adders
  2 shadow imps
  5 ufetubi
  An adder skeleton (D:4)
  2 worms
  2 dart slugs
  66 orcs
  4 bats
  6 endoplasms
  3 giant cockroaches
  14 goblins
  4 hobgoblins
  8 jackals
  27 kobolds
  A quokka (D:4)
  9 ball pythons
  2 frilled lizards
  3 rats
1144 creatures vanquished.

Vanquished Creatures (collateral kills)
  Saint Roka (Snake:4)
  A titan (Vaults:1)
  A bunyip (Swamp:2)
  A hydra (Swamp:4)
  3 alligators
  A spriggan berserker (Swamp:2)
  3 shock serpents
  2 goliath frogs (Swamp:2)
  A deep troll (Vaults:1)
  A swamp dragon (Swamp:4)
  2 mana vipers
  A will-o-the-wisp (Swamp:2)
  A slime creature (Swamp:4)
  An ugly thing (Vaults:2)
  A guardian serpent (Snake:4)
  4 black mambas
  A naga mage (Snake:4)
  A molten gargoyle (Volcano)
  A komodo dragon (Lair:2)
  2 vampire mosquitoes (Swamp:1)
  2 swamp worms
  An orc priest (Snake:4)
  3 orcs (Snake:4)
36 creatures vanquished.

Vanquished Creatures (others)
  A wizard (Vaults:2)
  2 bloated husks
  2 nagas (Snake:4)
  A hell hound (Volcano)
  An orc (Snake:4)
  A bush (Lair:6)
  3 demonic plants (Gauntlet)
  13 foxfires
  76 fungi
  99 plants
  A withered plant (D:6)
200 creatures vanquished.

Grand Total: 1380 creatures vanquished

Notes
Turn   | Place    | Note
-------+----------+-------------------------------------------
     0 | D:1      | Garmo the Demonspawn Gladiator began the quest for the Orb.
     0 | D:1      | Reached XP level 1. HP: 16/16 MP: 1/1
   553 | D:1      | Gained mutation: You regenerate a little health from kills.
                  | [demonic ancestry]
   553 | D:1      | Reached XP level 2. HP: 22/22 MP: 2/2
   902 | D:1      | Found a faded altar of an unknown god.
  1706 | D:2      | Reached XP level 3. HP: 28/28 MP: 3/3
  1714 | D:2      | Noticed Terence
  1737 | D:2      | Found Esao's Assorted Antiques.
  2385 | D:3      | Found a transporter.
  2385 | D:3      | Found a transporter.
  2482 | D:3      | Noticed a necrophage
  2492 | D:3      | Killed a necrophage
  2493 | D:3      | Reached skill level 3 in Fighting
  2493 | D:3      | Reached XP level 4. HP: 37/37 MP: 4/4
  2551 | D:3      | Gained mutation: You regenerate health from kills. [demonic
                  | ancestry]
  2551 | D:3      | Reached XP level 5. HP: 42/42 MP: 5/5
  2838 | D:3      | Noticed MisterT's ghost (amateur HOMo)
  3063 | D:3      | Reached skill level 4 in Fighting
  3699 | D:4      | Noticed Menkaure
  3808 | D:4      | Gained mutation: You regenerate a lot of health from kills.
                  | [demonic ancestry]
  3808 | D:4      | Reached XP level 6. HP: 39/49 MP: 6/6
  3902 | D:4      | Reached skill level 1 in Armour
  4032 | D:5      | Entered Level 5 of the Dungeon
  4097 | D:5      | Found a staircase to the Ecumenical Temple.
  4107 | Temple   | Entered the Ecumenical Temple
  4852 | D:5      | Reached skill level 5 in Dodging
  4897 | D:5      | Found a hide-covered altar of Uskayaw.
  4949 | D:5      | Reached skill level 5 in Fighting
  5538 | D:6      | Gained mutation: You have large cloven feet. [demonic
                  | ancestry]
  5538 | D:6      | Reached XP level 7. HP: 52/56 MP: 7/7
  5628 | D:6      | Found an ancient bone altar of Kikubaaqudgha.
  5994 | D:6      | Found a basalt altar of Yredelemnul.
  6602 | D:6      | Found a hazy altar of Hepliaklqana.
  7045 | D:7      | Gained mutation: You are partially covered in icy blue
                  | scales. (AC +2) [demonic ancestry]
  7045 | D:7      | Reached XP level 8. HP: 52/64 MP: 8/8
  7057 | D:7      | Reached skill level 6 in Fighting
  7252 | D:7      | Found a blossoming altar of Fedhas.
  7692 | D:7      | Found a sparkling altar of Nemelex Xobeh.
  8552 | D:8      | Got the Compendium of Flames and Stolen Souls
  8639 | D:8      | Identified the +2 helmet of Cataul {+Blink Int+7 Dex-3
                  | Stlth+}
  8828 | D:8      | Reached skill level 7 in Fighting
  9249 | D:8      | Identified the +2 scimitar "Pett" {vorpal, +Blink rC+ rN+}
  9329 | D:8      | Reached skill level 5 in Armour
  9457 | D:9      | Identified the +6 war axe of Beogh's Displeasure {venom,
                  | Str+5}
  9558 | D:9      | Reached skill level 1 in Evocations
  9558 | D:9      | Gained mutation: You regenerate magic rapidly. [demonic
                  | ancestry]
  9558 | D:9      | Reached XP level 9. HP: 54/72 MP: 9/9
  9654 | D:9      | Noticed a troll
 10658 | D:9      | Found a shadowy altar of Dithmenos.
 11270 | D:4      | Found a burning altar of Makhleb.
 11276 | D:4      | Became a worshipper of Makhleb the Destroyer
 11507 | D:2      | Killed Terence
 11661 | D:3      | Identified the +6 halberd of Iconoclasm {venom, Str+4}
 12320 | D:4      | Killed Menkaure
 12486 | D:4      | Found a burning altar of Makhleb.
 12874 | D:9      | Killed a troll
 13245 | D:10     | Entered Level 10 of the Dungeon
 13777 | D:10     | Found a staircase to the Lair.
 13793 | D:10     | Reached skill level 8 in Fighting
 13884 | D:9      | Gained mutation: You are mostly covered in icy blue scales.
                  | (AC +3) [demonic ancestry]
 13884 | D:9      | Reached XP level 10. HP: 71/80 MP: 10/10
 13890 | D:10     | Reached skill level 5 in Evocations
 13921 | D:10     | Found a staircase to the Orcish Mines.
 15162 | D:10     | Found a staircase to the Lair.
 15168 | D:10     | Found a staircase to the Orcish Mines.
 15573 | D:11     | Noticed a cyclops
 15592 | D:11     | Killed a cyclops
 15593 | D:11     | Reached skill level 5 in Long Blades
 15693 | D:11     | Reached * piety under Makhleb
 15822 | D:11     | Noticed an elephant
 15934 | D:11     | Noticed a boulder beetle
 16018 | D:11     | Reached skill level 1 in Invocations
 16034 | D:11     | Found a transporter.
 16041 | D:11     | Found a transporter.
 16041 | D:11     | Noticed Cykl0x's ghost (journeyman GrGl)
 16077 | D:11     | Killed a boulder beetle
 16078 | D:11     | Reached skill level 9 in Fighting
 16193 | D:11     | Noticed a white ugly thing
 16246 | D:11     | Killed a white ugly thing
 16247 | D:11     | Reached XP level 11. HP: 59/89 MP: 11/13
 16755 | Lair:1   | Entered Level 1 of the Lair of Beasts
 16825 | Lair:1   | Reached ** piety under Makhleb
 17359 | Lair:1   | Identified the +6 trident "Duplyos" {vorpal, SInv}
 17803 | Lair:1   | Noticed Nergalle
 18116 | Lair:1   | Noticed Joseph
 18142 | Lair:1   | Killed Joseph
 18143 | Lair:1   | Reached skill level 5 in Invocations
 18707 | Lair:2   | Noticed an eight-headed hydra
 18746 | Lair:2   | Killed a one-headed hydra
 18747 | Lair:2   | Reached skill level 10 in Dodging
 19026 | Lair:2   | Found a dark tunnel.
 19056 | Volcano  | Entered a volcano
 19199 | Volcano  | Reached *** piety under Makhleb
 19362 | Volcano  | Gained mutation: You have hoof-like feet. [demonic
                  | ancestry]
 19362 | Volcano  | Reached XP level 12. HP: 95/95 MP: 15/15
 19465 | Volcano  | Found a burning altar of Makhleb.
 19516 | Volcano  | Noticed a fire dragon
 19656 | Volcano  | Killed a fire dragon
 20052 | Volcano  | Identified the +9 glaive of Loytaff {drain, Str+3}
 20122 | Lair:2   | Noticed Urug
 21397 | Lair:2   | Killed Urug
 22106 | Lair:3   | Noticed a six-headed hydra
 22117 | Lair:3   | Killed a one-headed hydra
 22248 | Lair:3   | Noticed a four-headed hydra
 22266 | Lair:3   | Killed a one-headed hydra
 22468 | Lair:3   | Reached skill level 10 in Long Blades
 23133 | Lair:3   | Found a staircase to the Snake Pit.
 23400 | Lair:3   | Reached XP level 13. HP: 62/101 MP: 16/16
 24004 | Lair:4   | Paralysed by a hornet for 1 turns
 24008 | Lair:4   | Reached **** piety under Makhleb
 24430 | Lair:4   | Found a gate leading to a gauntlet.
 24440 | Gauntlet | Entered a Gauntlet
 24440 | Gauntlet | Found a transporter.
 24440 | Gauntlet | Found a large runed translucent door.
 24440 | Gauntlet | Found a large runed translucent door.
 24440 | Gauntlet | Found a large runed translucent door.
 24440 | Gauntlet | Found a large runed translucent door.
 24440 | Gauntlet | Found a runed translucent door.
 24440 | Gauntlet | Found a runed translucent door.
 24440 | Gauntlet | Found a large runed translucent door.
 24440 | Gauntlet | Found a large runed translucent door.
 24440 | Gauntlet | Found a large runed translucent door.
 24440 | Gauntlet | Found a large runed translucent door.
 24440 | Gauntlet | Found a large runed translucent door.
 24440 | Gauntlet | Found a large runed translucent door.
 24482 | Gauntlet | Found a large runed translucent door.
 24482 | Gauntlet | Found a large runed translucent door.
 24490 | Gauntlet | Found a transporter.
 24505 | Gauntlet | Found a transporter.
 24510 | Gauntlet | Found a transporter.
 24531 | Gauntlet | Found a transporter.
 24544 | Gauntlet | Found a transporter.
 24556 | Gauntlet | Found a transporter.
 24562 | Gauntlet | Found a transporter.
 24564 | Gauntlet | Found a transporter.
 24581 | Gauntlet | Found a transporter.
 24585 | Gauntlet | Noticed a green death
 24593 | Gauntlet | Found a transporter.
 24599 | Gauntlet | Found a transporter.
 24599 | Gauntlet | Found a transporter.
 24601 | Gauntlet | Found a transporter.
 24618 | Gauntlet | Found a transporter.
 24624 | Gauntlet | Found a transporter.
 24667 | Gauntlet | Found a transporter.
 24685 | Gauntlet | Found a large runed translucent door.
 24686 | Gauntlet | Found a large runed translucent door.
 24690 | Gauntlet | Found a runed translucent gate.
 24690 | Gauntlet | Found a runed translucent gate.
 24690 | Gauntlet | Found a runed translucent gate.
 24692 | Gauntlet | Found a transporter.
 24710 | Gauntlet | Found a large runed translucent door.
 24711 | Gauntlet | Found a large runed translucent door.
 25563 | Gauntlet | Identified the ring "Reppe" {Wiz Dex+2 SInv}
 25563 | Gauntlet | Noticed a minotaur
 25598 | Gauntlet | Identified the ring of Efreuh {Fire Dex+3 SInv}
 26078 | Lair:4   | Noticed Sonja
 26800 | Lair:4   | Found a staircase to the Swamp.
 27075 | Lair:5   | Reached skill level 1 in Shields
 27393 | Lair:5   | Found a staircase to the Slime Pits.
 27393 | Lair:5   | Found a viscous altar of Jiyva.
 27692 | Lair:6   | Entered Level 6 of the Lair of Beasts
 27971 | Lair:6   | Reached skill level 5 in Shields
 27979 | Lair:6   | Reached XP level 14. HP: 108/108 MP: 17/17
 28259 | Lair:6   | Reached ***** piety under Makhleb
 29018 | Lair:6   | Identified the +10 trident "Favunip" {flame, Fly rElec}
 30050 | D:12     | Got Theurgy in Simple Steps
 30279 | D:12     | Identified the +0 helmet of the Lobster {rPois}
 30405 | Lair:1   | Killed Nergalle
 30701 | D:3      | Killed MisterT's ghost
 31466 | D:13     | Found a frozen archway.
 31502 | IceCv    | Entered an ice cave
 31503 | IceCv    | Found a transporter.
 31537 | IceCv    | Identified the +0 chain mail "Jismeup" {Harm rF- Dex+5
                  | Stlth+}
 31539 | IceCv    | Found a transporter.
 31835 | D:13     | Paralysed by a gnoll for 2 turns
 31863 | D:13     | Noticed Snorg
 31892 | D:13     | Killed Snorg
 32326 | D:13     | You fall into a shaft and drop 2 floors!
 32326 | D:15     | Entered Level 15 of the Dungeon
 32426 | D:14     | Found a radiant altar of Vehumet.
 32487 | D:14     | Found a flagged portal.
 32526 | Bailey   | Entered a bailey
 32564 | Bailey   | Reached XP level 15. HP: 91/113 MP: 18/18
 33108 | D:14     | Found a shimmering blue altar of Sif Muna.
 33237 | D:14     | Reached skill level 10 in Fighting
 33256 | D:14     | Reached skill level 10 in Shields
 33739 | D:14     | Found a gate to the Vaults.
 34096 | D:15     | Reached ****** piety under Makhleb
 34295 | D:15     | Found a staircase to the Depths.
 34295 | D:15     | Noticed a fire giant
 34415 | D:15     | Killed a fire giant
 34416 | D:15     | Reached skill level 11 in Fighting
 34840 | Orc:1    | Entered Level 1 of the Orcish Mines
 34969 | Orc:2    | Entered Level 2 of the Orcish Mines
 35002 | Orc:2    | Found a staircase to the Elven Halls.
 35043 | Orc:1    | You fall into a shaft and drop 1 floor!
 35968 | Orc:2    | Found Uhuashri's Assorted Antiques.
 35969 | Orc:2    | Found Ziwno's Jewellery Shoppe.
 35973 | Orc:2    | Found Xeohec's General Store.
 35988 | Orc:2    | Bought a ring of willpower for 350 gold pieces
 36014 | Orc:2    | Found Pader's General Store.
 36070 | Orc:2    | Bought a potion of haste for 130 gold pieces
 36070 | Orc:2    | Bought a scroll of enchant weapon for 97 gold pieces
 36070 | Orc:2    | Bought a potion of curing for 39 gold pieces
 36070 | Orc:2    | Bought a scroll of identify for 26 gold pieces
 36070 | Orc:2    | Bought a wand of iceblast (10) for 182 gold pieces
 36070 | Orc:2    | Bought a potion of heal wounds for 65 gold pieces
 36076 | Orc:2    | Bought a scroll of identify for 26 gold pieces
 36076 | Orc:2    | Bought a +1 pair of boots of stealth for 214 gold pieces
 36076 | Orc:2    | Bought a potion of heal wounds for 65 gold pieces
 36076 | Orc:2    | Bought a potion of curing for 39 gold pieces
 36098 | Orc:2    | Bought a scroll of magic mapping for 98 gold pieces
 36107 | Orc:2    | Bought the ring of Myig {rC++ Will+} for 693 gold pieces
 36553 | Orc:1    | Noticed Erica
 36581 | Orc:1    | Killed Erica
 36657 | Orc:1    | Noticed Jorgrun
 36703 | Orc:1    | Killed Jorgrun
 37026 | Snake:1  | Entered Level 1 of the Snake Pit
 37174 | Snake:1  | Reached XP level 16. HP: 99/127 MP: 10/21
 37317 | Snake:1  | Reached skill level 12 in Fighting
 37336 | Snake:1  | Identified the +6 falchion of Fiulurch {drain, *Slow Str+3
                  | Int+5}
 37376 | Snake:1  | Noticed Stajl's ghost (adept TrFi)
 37385 | Snake:1  | Found a runed translucent gate.
 37385 | Snake:1  | Found a runed translucent gate.
 37385 | Snake:1  | Found a runed translucent gate.
 37419 | Snake:1  | Found a broken altar of Ashenzari.
 38161 | Snake:2  | Noticed Asterion
 38878 | Snake:1  | HP: 3/128 [shock serpent/bolt of electricity (20)]
 38989 | Snake:1  | You fall into a shaft and drop 1 floor!
 39284 | Snake:2  | Reached skill level 1 in Crossbows
 39843 | Snake:2  | Reached skill level 10 in Invocations
 40265 | Swamp:1  | Entered Level 1 of the Swamp
 40301 | Swamp:1  | Identified 2 scrolls of acquirement
 40312 | Swamp:1  | Acquired a +1 demon blade of electrocution
 40336 | Swamp:1  | Found a large runed translucent door.
 40336 | Swamp:1  | Found a large runed translucent door.
 40339 | Swamp:1  | Noticed McKennaii's ghost (adept DgCj)
 41123 | Swamp:2  | Reached skill level 13 in Fighting
 41479 | Swamp:2  | Acquired 1121 gold pieces
 41538 | Swamp:2  | Gained mutation: You have hooves in place of feet. [demonic
                  | ancestry]
 41538 | Swamp:2  | Reached XP level 17. HP: 40/136 MP: 25/25
 42057 | Swamp:4  | Entered Level 4 of the Swamp
 42157 | Swamp:4  | Found a runed translucent gate.
 42159 | Swamp:4  | Found a runed translucent gate.
 42160 | Swamp:4  | Found a runed translucent gate.
 42160 | Swamp:4  | Noticed dvd2's ghost (adept DECj)
 42771 | Swamp:4  | Noticed a tentacled monstrosity
 42790 | Swamp:4  | Killed a tentacled monstrosity
 42872 | Swamp:4  | Got a decaying rune of Zot
 43209 | Snake:2  | Killed Asterion
 43705 | Snake:3  | Found Monko's General Store.
 43738 | Snake:3  | Reached skill level 5 in Crossbows
 44406 | Snake:3  | Bought a scroll of enchant armour for 97 gold pieces
 44406 | Snake:3  | Bought a potion of heal wounds for 65 gold pieces
 44406 | Snake:3  | Bought a scroll of teleportation for 39 gold pieces
 44406 | Snake:3  | Bought the +0 pair of gloves of Mososokk {Will++ Regen+
                  | Str+7} for 449 gold pieces
 44568 | Snake:4  | Entered Level 4 of the Snake Pit
 44664 | Snake:4  | Noticed Aizul
 44696 | Snake:4  | Killed Aizul
 45002 | Snake:4  | Gained mutation: When hurt, damage is shared between your
                  | health and your magic reserves. [demonic ancestry]
 45002 | Snake:4  | Reached XP level 18. HP: 144/145 MP: 28/28
 45315 | Snake:4  | Noticed Nikola
 45330 | Snake:4  | Killed Nikola
 45814 | Snake:4  | Reached skill level 15 in Invocations
 45875 | Snake:4  | Reached skill level 14 in Fighting
 46011 | Snake:4  | Noticed Saint Roka
 46362 | Snake:4  | Killed Saint Roka
 46439 | Snake:4  | Noticed Vashnia
 46489 | Snake:4  | Killed Vashnia
 46490 | Snake:4  | Reached skill level 15 in Shields
 46747 | Snake:4  | Got a serpentine rune of Zot
 47332 | Lair:4   | Killed Sonja
 47926 | D:11     | Killed Cykl0x's ghost
 48051 | Vaults:1 | Entered Level 1 of the Vaults
 48296 | Vaults:1 | Reached skill level 15 in Fighting
 48566 | Vaults:1 | Gained mutation: When low on magic, you restore magic in
                  | place of health. [demonic ancestry]
 48566 | Vaults:1 | Reached XP level 19. HP: 138/155 MP: 25/30
 49051 | Vaults:1 | Identified the +10 arbalest of the Jumping Goat {freeze,
                  | rPois SInv Stlth+}
 49263 | Vaults:1 | Reached skill level 10 in Crossbows
 49533 | Vaults:1 | Reached skill level 16 in Fighting
 50178 | Vaults:2 | Killed from afar by an ironbound thunderhulk

Illustrated notes

Levels and vault maps discovered:
D:1:      sevenhm_arrival_forest_fort_small_6, layout_loops_corners,
          shapermc_ecumenical_altar_ellora
D:2:      layout_loops_ring, serial_shops, shop, uniq_terence
D:3:      layout_loops_ring, gammafunk_ghost_gnarly_gnolls
D:4:      layout_loops_corners, bloody_makhleb, minivault_24, uniq_menkaure
D:5:      layout_basic, nicolae_overflow_hidden_temple,
          minmay_temple_entry_crystal_x
D:6:      layout_loops_ring, general_overflow_altar,
          mainiacjoe_overflow_alcove_1, yredelemnul_altar_generic
D:7:      layout_basic, kennysheep_mini_moat,
          mainiacjoe_overflow_small_starburst, amethyst_overflow_temple_binary
D:8:      layout_basic
D:9:      layout_loops_corners, mainiacjoe_overflow_tiny_flanked,
          amcnicky_mini_corridor_feature, st_stairs_6
D:10:     layout_loops_ring, lair_entry_dummy, david_orc_2
D:11:     wad_woods_minihive, layout_irregular_city, gammafunk_ghost_mausoleum
D:12:     layout_loops_ring, hangedman_decor_peaks_small
D:13:     layout_rooms, portal_ice_cave_demonic_guard, uniq_snorg
D:14:     layout_cave_pools, hangedman_vaults_entry_quadrant_bands,
          nicolae_vehumet_radiance, enter_bailey_6,
          nicolae_sif_muna_little_library
D:15:     grunt_enter_depths_giant_problem, layout_loops_ring
Temple:   minmay_temple_bridge_abc
Lair:1:   layout_regular_city, serial_bayou_shore_a, uniq_nergalle, uniq_joseph
Lair:2:   layout_cave_shapes, enter_volcano_3, uniq_urug
Lair:3:   cheibrodos_lair_river_kwai, layout_chaotic_city,
          minmay_snake_entry_six_corridors, wad_woods_03
Lair:4:   layout_loops_ring, minmay_swamp_entry_worms, gauntlet_entry_generic,
          infiniplex_staircase_pool, uniq_sonja
Lair:5:   layout_gridlike, slime_altar_1, wad_woods_road_03
Lair:6:   grunt_lair_end_beastmaster, layout_loops_ring,
          chequers_serial_rivers_room_a
Swamp:1:  layout_falls_marsh, ebering_ghost_disaster_area,
          infiniplex_staircase_pool_2
Swamp:2:  layout_basic_swamp, serial_swamp_ruin, evilmike_swamp_ruin_house_4,
          evilmike_swamp_ruin_house_2, evilmike_swamp_ruin_wall, swamp_pool5
Swamp:3:  layout_falls_marsh, nicolae_swamp_round_clearing
Swamp:4:  swamp_vile, layout_basic_swamp, gammafunk_ghost_necromancy
Snake:1:  nicolae_snake_attic_fulla_snakes, layout_gridlike,
          gammafunk_ghost_split, basic_altar
Snake:2:  layout_basic, uniq_asterion
Snake:3:  layout_grid_shapes, serial_shops, shop, minmay_snake_pond
Snake:4:  snake_pit_salamanders_mu, layout_misc_corridors,
          nicolae_snake_yet_another_twisty_hallway, grunt_ministairs_8,
          grunt_megastairs_2, uniq_nikola, uniq_vashnia, uniq_aizul,
          uniq_saint_roka
Orc:1:    nicolae_orc_accident_2, layout_caves, uniq_erica, uniq_jorgrun
Orc:2:    st_orc_open, layout_caves, guppyfry_library_mini
Vaults:1: hangedman_vaults_slither, ontoclasm_vaults_pinch, v_misc_5,
          nicolae_vaults_windows_and_doors_thing, vaults_mumra_chevron,
          nicolae_vaults_angled_halls, grunt_vaults_hallway_long, v_misc_12,
          vaults_room_guarded_vault, hangedman_vaults_trim,
          nicolae_vaults_sealed_display, nicolae_vaults_little_squares_6,
          vaults_room_pools, nicolae_vaults_little_squares_6,
          layout_vaults_omnicross
Vaults:2: ontoclasm_vaults_loading_screen, hangedman_vaults_variations,
          ontoclasm_vaults_gateway, hangedman_vaults_maws,
          ontoclasm_vaults_loading_screen, hangedman_vaults_stretched_pinwheel,
          nicolae_vaults_stairing_the_circle, ontoclasm_vaults_decontamination,
          ontoclasm_vaults_ring_small, minmay_crypt_entry_nasty_monster,
          vaults_room_hallway, layout_vaults_omnigrid

Skill      XL: |  1  2  3  4  5  6  7  8  9 10 11 12 13 14 15 16 17 18 19 |
---------------+----------------------------------------------------------+-----
Dodging        | 3 4 5 6 7 8 10 12 13 | 13.0
Long Blades    | 3 4 5 8 10 12 14 | 14.0
Fighting       | 3 4 5 7 8 9 11 13 15 16 | 16.8
Armour         | 2 3 5 6 7 |  7.0
Evocations     | 1 4 6 7 |  7.0
Invocations    | 2 5 7 11 14 15 | 15.0
Shields        | 5 9 11 12 14 15 | 15.0
Crossbows      | 3 5 8 10 | 10.0
Throwing       | |  1.7

Action                   |  1- 3 |  4- 6 |  7- 9 | 10-12 | 13-15 | 16-18 | 19-21 || total
-------------------------+-------+-------+-------+-------+-------+-------+-------++-------
Melee: Long sword        |    65 |    20 |    57 |    40 |    49 |       |       ||   231
       Dagger            |    48 |   154 |   341 |   191 |       |       |       ||   734
       Scimitar          |       |       |   110 |   774 |  1983 |   442 |       ||  3309
       Demon blade       |       |       |       |       |       |  1282 |   327 ||  1609
       Kick              |       |       |       |       |       |   497 |   177 ||   674
       Trident           |       |       |       |       |       |    10 |       ||    10
 Fire: Hunting sling     |     4 |     3 |       |       |       |       |       ||     7
Throw: Stone             |     3 |    17 |    43 |    10 |       |       |       ||    73
       Dart              |       |     9 |    13 |    15 |       |       |       ||    37
Invok: Lesser Servant of |       |       |       |     3 |     4 |     2 |       ||     9
       Major Destruction |       |       |       |       |     1 |       |       ||     1
       Minor Destruction |       |       |       |       |     1 |       |       ||     1
       Greater Servant o |       |       |       |       |       |    13 |     3 ||    16
 Abil: Evoke Blink       |       |       |       |     2 |     1 |     1 |       ||     4
Evoke: Wand              |       |       |       |     4 |       |       |       ||     4
  Use: Scroll            |       |     4 |    12 |     3 |    13 |    10 |     1 ||    43
       Potion            |       |       |       |     9 |     9 |    14 |       ||    32
 Stab: Sleeping          |     1 |     4 |     1 |       |       |       |       ||     6
       Distracted        |       |       |     1 |     2 |       |     5 |       ||     8
Armor: Leather armour    |    30 |    14 |       |       |       |       |       ||    44
       Ring mail         |       |    25 |    73 |       |       |       |       ||    98
       Scale mail        |       |       |   139 |   260 |       |       |       ||   399
       Plate armour      |       |       |       |   392 |  1083 |   661 |    93 ||  2229
       Ice dragon scales |       |       |       |       |    21 |       |       ||    21
Dodge: Dodged            |    97 |   125 |   356 |   927 |  1154 |   509 |    78 ||  3246
Block: Kite shield       |       |       |       |       |   835 |  1017 |   253 ||  2105
       Reflection        |       |       |       |       |       |    15 |     5 ||    20
       Rpst.: Long sword |    22 |     3 |    17 |     5 |     7 |       |       ||    54
       Scimitar          |       |       |    25 |   167 |   274 |    37 |       ||   503
       Demon blade       |       |       |       |       |       |    63 |    11 ||    74
